 Dungeon Crawl Stone Soup version 0.28.0-47-ge53b351184 (webtiles) character file.

Game seed: 16835837298166237914

1822 101zpm the Thaumaturge (level 9, -11/50 HPs)
             Began as a Djinni Fire Elementalist on May 8, 2022.
             Was a Follower of Hepliaklqana.
             Mangled by a boulder beetle (29 damage)
             ... on level 7 of the Dungeon.
             The game lasted 00:09:44 (5607 turns).

101zpm the Thaumaturge (Djinni Fire Elementalist)   Turns: 5607, Time: 00:09:45

Health: -11/50     AC:  2    Str:  7    XL:     9   Next: 32%
Gold:   195        EV: 13    Int: 20    God:    Hepliaklqana [*.....] SH:  5 Dex: 15

rFire   + + .      SeeInvis .   i - +5 trident "Zihin Qon" {flame, Stlth+}
rCold   x . .      Faith    .   (no shield)
rNeg    . . .      Spirit   .   a - +0 robe
rPois   ∞          Reflect  +   (no helmet)
rElec   .          Harm     .   (no cloak)
rCorr   .          Rampage  .   (no gloves)
Will    .....                   (boots unavailable)
Stlth   +++.......              l - amulet of reflection
HPRegen 0.16/turn               (no ring)
MPRegen 0.00/turn               (no ring)

@: flying
A: reduced essence, sickness immunity, fire resistance 2, cold vulnerability 1,
float, innate caster, HP casting, extra vitality 1
a: Renounce Religion, Recall Ancestor, Ancestor Identity


You were on level 7 of the Dungeon.
You worshipped Hepliaklqana.
Hepliaklqana was aware of your devotion.
You visited 2 branches of the dungeon, and saw 8 of its levels.

You collected 195 gold pieces.

Inventory:

Hand Weapons
 i - the +5 trident "Zihin Qon" (weapon) {flame, Stlth+}
   (You found it on level 4 of the Dungeon)

   It burns those it strikes, dealing additional fire damage.
   Stlth:     It makes you more stealthy.
Armour
 a - a +0 robe (worn)
Jewellery
 l - an amulet of reflection (around neck)
 n - a ring of see invisible
Scrolls
 d - a scroll of fog
 e - a scroll of blinking
 m - 2 scrolls of teleportation
 p - a scroll of noise {unknown}
Potions
 b - 2 potions of brilliance {unknown}
 c - 3 potions of curing {unknown}
 f - 2 potions of mutation {unknown}
 g - 2 potions of lignification {unknown}
 j - a potion of flight {unknown}
 k - a potion of attraction {unknown}
 o - a potion of ambrosia {unknown}


   Skills:
 + Level 0.5 Fighting
 + Level 2.7 Dodging
 + Level 2.9 Stealth
 + Level 0.9 Shields
 + Level 8.8 Spellcasting


You had 4 spell levels left.
You knew the following spells:

 Your Spells              Type           Power      Damage    Failure   Level
a - Foxfire               Conj/Fire      100%       2x1d9     1%          1
b - Scorch                Fire           88%        2d9       1%          2
c - Conjure Flame         Conj/Fire      44%        6-21      1%          3
d - Inner Flame           Hex/Fire       44%        N/A       1%          3
e - Flame Wave            Conj/Fire      44%        2d10      1%          4
f - Animate Skeleton      Necr           88%        N/A       1%          1
g - Passwall              Tmut/Erth      36%        N/A       1%          2
h - Searing Ray           Conj           88%        2d7       1%          2
i - Lesser Beckoning      Tloc           44%        N/A       1%          3
Your spell library was empty.

Dungeon Overview and Level Annotations

Branches:
Dungeon (7/15)             Temple (1/1) D:4

Altars:
Ashenzari
Dithmenos
Elyvilon
Fedhas
Gozag
Hepliaklqana
Kikubaaqudgha
Makhleb
Nemelex Xobeh
Okawaru
Qazlal
Ru
Sif Muna
Trog
Uskayaw
Vehumet
Wu Jian
Xom
Yredelemnul
Zin
The Shining One


Innate Abilities, Weirdness & Mutations

Your life essence is reduced to manifest your ancestor. (-10% HP)
You are immune to sickness and miasma.
You are immune to poison.
Your flesh is very heat resistant. (rF++)
You are vulnerable to cold. (rC-)
You float through the air rather than walking.
You learn spells naturally, not from books.
Your magical power is your life essence.
You have superior vitality. (+4 MHP)


Message History

The bullfrog is heavily wounded.
The bullfrog's fire resistance burns away.
The bullfrog is engulfed in blazing flames.
Flame seeps out of the bullfrog.
The centaur wields a +0 shortbow.
The centaur shoots an arrow.
The arrow hits Shatamurrim!
Casting: Scorch (safe; 1% risk of failure)
Confirm with . or Enter, or press ? or * to list all spells.
Okay, then.
The bullfrog barely misses Shatamurrim.
The centaur shoots an arrow.
The arrow misses Shatamurrim.
The arrow hits you!
The bullfrog hits Shatamurrim but does no damage.
Shatamurrim hits the bullfrog.
The bullfrog explodes!
Shatamurrim avoids your attack.
Casting: Scorch (safe; 1% risk of failure)
Confirm with . or Enter, or press ? or * to list all spells.
The fire begins to smoulder!
The centaur shoots an arrow.
The arrow barely misses Shatamurrim.
The arrow barely misses you.
The centaur shoots an arrow.
The arrow hits Shatamurrim!
The centaur shoots an arrow.
The arrow hits Shatamurrim!
Shatamurrim is destroyed!
The fire ignites!
Casting: Foxfire (safe; 1% risk of failure)
Press: ? - help, Q - select action, (/) - cycle Dir - look around, f - activate You conjure some foxfire!
The boulder beetle curls into a ball and begins rolling!
The foxfire hits the centaur.
Flame seeps out of the centaur.
The centaur is lightly wounded.
The centaur is engulfed in blazing flames.
Flame seeps out of the centaur.
The foxfire hits the centaur.
Flame seeps out of the centaur.
The centaur is severely wounded.
Casting: Foxfire (safe; 1% risk of failure)
Confirm with . or Enter, or press ? or * to list all spells.
The fire begins to smoulder!
The centaur is engulfed in blazing flames.
The centaur explodes!
The boulder beetle hits you!!
Ouch! That really hurt!
You die...

..#...#.# #.#.#
........###.#.#
#...#....##.#.#
.........##.#.#
..#...#..##.#.#
........§##.#.###.###
#...#...°§..§.○°°....
...c....#.#.#B###○###
..#...#.#.#.#@#
.......#)..#.#
#...#...##..#.#
........##..#.#
..#...#.###.#.#
.....# #...# ....#
.##


You could see a boulder beetle (rolling).

Vanquished Creatures
  A centaur zombie (D:6)
  2 ice beasts (D:5)
  A sky beast (D:6)
  An orc warrior (D:6)
  A necrophage (D:6)
  A centaur (D:7)
  An ogre (D:6)
  3 phantoms
  A scorpion (D:4)
  A water moccasin skeleton (D:4)
  2 jellies
  2 bullfrog skeletons
  An orc priest (D:6)
  A gnoll shaman (D:7)
  Jessica (D:3)
  An orc wizard (D:6)
  4 iguanas
  4 adders
  6 gnolls
  A shadow imp (D:6)
  A worm (D:2)
  A dart slug (D:2)
  5 orcs
  2 endoplasms (D:2)
  A giant cockroach (D:3)
  5 goblins
  7 hobgoblins
  2 kobolds (D:2)
  A quokka (D:4)
  3 ball pythons (D:2)
  4 bats
  A frilled lizard (D:2)
  4 rats
73 creatures vanquished.

Vanquished Creatures (collateral kills)
  A bullfrog (D:7)
1 creature vanquished.

Vanquished Creatures (others)
  An ancestor (D:7)
  422 foxfires
423 creatures vanquished.

Grand Total: 497 creatures vanquished

Notes
Turn   | Place    | Note
-------+----------+-------------------------------------------
     0 | D:1      | 101zpm the Djinni Fire Elementalist began the quest for the
                  | Orb.
     0 | D:1      | Reached XP level 1. HP: 15/15 MP: 0/0
    69 | D:2      | Reached XP level 2. HP: 13/21 MP: 0/0
   224 | D:2      | Reached skill level 3 in Spellcasting
   255 | D:2      | Reached XP level 3. HP: 2/25 MP: 0/0
   255 | D:2      | Learned a level 1 spell: Animate Skeleton
  2103 | D:3      | Noticed Jessica
  2107 | D:3      | Killed Jessica
  2108 | D:3      | Reached XP level 4. HP: 29/31 MP: 0/0
  2196 | D:4      | Noticed a phantom
  2202 | D:4      | Killed a phantom
  2203 | D:4      | Reached skill level 4 in Spellcasting
  2203 | D:4      | Reached XP level 5. HP: 27/35 MP: 0/0
  2203 | D:4      | Learned a level 2 spell: Passwall
  2257 | D:4      | Reached XP level 6. HP: 27/40 MP: 0/0
  2465 | D:4      | Found a staircase to the Ecumenical Temple.
  2601 | D:4      | Reached skill level 5 in Spellcasting
  2723 | D:4      | Reached XP level 7. HP: 37/45 MP: 0/0
  2723 | D:4      | Learned a level 2 spell: Searing Ray
  3044 | D:4      | Identified the +5 trident "Zihin Qon" {flame, Stlth+}
  3075 | Temple   | Entered the Ecumenical Temple
  3151 | Temple   | Became a worshipper of Hepliaklqana the Forgotten
  3173 | D:5      | Entered Level 5 of the Dungeon
  3423 | D:5      | Reached skill level 6 in Spellcasting
  3664 | D:6      | Reached XP level 8. HP: 32/50 MP: 0/0
  4046 | D:6      | Reached skill level 7 in Spellcasting
  4221 | D:6      | Identified the +1 pair of boots "Gial" {rN+ Regen+ Int-2}
  4963 | D:6      | Reached skill level 8 in Spellcasting
  4963 | D:6      | Reached XP level 9. HP: 12/56 MP: 0/0
  4963 | D:6      | Learned a level 3 spell: Lesser Beckoning
  5426 | D:6      | Reached * piety under Hepliaklqana
  5599 | D:7      | Noticed a boulder beetle
  5607 | D:7      | Mangled by a boulder beetle

Illustrated notes

Levels and vault maps discovered:
D:1:      minmay_arrival_glassed_features, layout_basic,
          dreamdust_ecumenical_altar_statues, st_stairs_6
D:2:      layout_rooms, minmay_misc_feat_chi
D:3:      layout_basic, uniq_jessica
D:4:      layout_rooms, minmay_temple_entry_purple_smoke, corexii_corridor_pit
D:5:      kb_forest_paths, layout_basic
D:6:      layout_loops_corners, kennysheep_generic_room_5
D:7:      layout_basic, nicolae_ossuary_entry_monument, kennysheep_crisscross,
          hangedman_abyss_or_decor_passed, minmay_lizard_king
Temple:   dpeg_three_leaves_temple

Skill      XL: |  1  2  3  4  5  6  7  8 |
---------------+-------------------------+-----
Spellcasting   | 3 4 5 6 8 |  8.8
Stealth        | 2 |  2.9
Fighting       | |  0.5
Dodging        | |  2.7
Shields        | |  0.9

Action                   |  1- 3 |  4- 6 |  7- 9 || total
-------------------------+-------+-------+-------++-------
Melee: Trident           |       |       |     3 ||     3
       Punch             |       |       |     1 ||     1
 Cast: Foxfire           |   111 |    41 |   102 ||   254
       Scorch            |     2 |     8 |    40 ||    50
       Inner Flame       |       |     2 |    18 ||    20
       Conjure Flame     |       |       |     2 ||     2
  Use: Scroll            |       |       |     4 ||     4
Armor: Robe              |       |       |     5 ||     5
Dodge: Dodged            |       |     3 |     8 ||    11
Block: Other             |       |       |     4 ||     4
